 Dungeon Crawl Stone Soup version 0.24-a0-520-g8fd06ad0bc (webtiles) character file.

Game seed: 14029950795233173524

56 ageofchaos the Grave Robber (level 3, 0/24 HPs)
             Began as a Demonspawn Necromancer on July 27, 2019.
             Succumbed to an adder's poison
             ... on level 2 of the Dungeon.
             The game lasted 00:06:18 (1692 turns).

ageofchaos the Grave Robber (DsNe)                  Turns: 1692, Time: 00:06:19

Health: 0/24       AC:  4    Str:  8    XL:     3   Next: 69%
Magic:  1/6        EV: 12    Int: 17    God:
Gold:   62         SH:  0    Dex: 13    Spells: 5/6 levels left

rFire    x . .     SeeInvis .   (no weapon)
rCold    + . .     Gourm    .   (no shield)
rNeg     . . .     Faith    .   a - +0 robe
rPois    .         Spirit   .   (no helmet)
rElec    .         Reflect  .   (no cloak)
rCorr    .         Harm     .   (no gloves)
MR       .....                  j - +1 pair of boots
Stlth    ++........             (no amulet)
HPRegen  0.08/turn              b - ring of ice
MPRegen  0.10/turn              (no ring)

@: lethally poisoned (0 -> -2), very slightly contaminated
A: hooves 1
a: no special abilities


You were on level 2 of the Dungeon.
You were very hungry.

You visited 1 branch of the dungeon, and saw 2 of its levels.

You collected 62 gold pieces.

Inventory:

Armour
 a - a +0 robe (worn)
 j - a +1 pair of boots (worn)
Jewellery
 b - a ring of ice (left hand)
Scrolls
 d - a scroll of identify
 g - a scroll of enchant armour {unknown}
 h - a scroll of blinking {unknown}
 i - a scroll of amnesia {unknown}
 k - a scroll of teleportation {unknown}
Potions
 e - 2 potions of lignification
 f - a potion of berserk rage
 l - a potion of agility {unknown}
Comestibles
 c - 3 rations


   Skills:
 + Level 2.1 Dodging
 + Level 2.1 Stealth
 + Level 2.3 Spellcasting
 * Level 5.4 Necromancy


You had 5 spell levels left.
You knew the following spells:

 Your Spells              Type           Power        Failure   Level  Hunger
a - Pain                  Necr           ###.         1%          1    #......

Your spell library contained the following spells:

 Spells                   Type           Power        Failure   Level  Hunger
 Animate Skeleton         Necr           N/A          1%          1    #......
 Vampiric Draining        Necr           ###.......   6%          3    ###....
 Regeneration             Chrm/Necr      ##........   19%         3    ###....
 Animate Dead             Necr           N/A          21%         4    #####..


Dungeon Overview and Level Annotations

Branches:
Dungeon (2/15)

Altars:


Innate Abilities, Weirdness & Mutations

You have large cloven feet.


Message History

You feel sick. The adder bites you.
* * * LOW HITPOINT WARNING * * *
You feel sick.
You see here a hand axe.
You closely miss the adder.
The adder is moderately wounded.
The adder barely misses you.
You hit the adder.
The adder is heavily wounded.
The adder bites you.
* * * LOW HITPOINT WARNING * * *
You hit the adder but do no damage.
The adder is heavily wounded.
The adder bites you.
* * * LOW HITPOINT WARNING * * *
The adder bites you but does no damage.
You miss the adder.
The adder is heavily wounded.
You die...

..#
#...###<....)......
..# ##...#
#....#...#... ..##
#....####...##.#....
...# #....##...###
...... ##.#
#....####.# ##.#.#
##.## #....# #.#
.... ##..# #....#
#.# #. ###.#
#....####S# # #.##
#....##..@# # #..#
###'###.### # ##.##
#.# #. # #..# #.# #
# ##'####.## #
#...##...# #
#...##...####
#...##......#
#...##....#.#


You could see an adder.

Vanquished Creatures
  An adder (D:2)
  An ooze (D:2)
  A dart slug (D:1)
  A leopard gecko (D:1)
  2 giant cockroaches (D:1)
  7 goblins
  4 hobgoblins
  6 kobolds
  5 bats
  4 frilled lizards
  7 rats
39 creatures vanquished.

Notes
Turn   | Place    | Note
-------+----------+-------------------------------------------
     0 | D:1      | ageofchaos the Demonspawn Necromancer began the quest for
                  | the Orb.
     0 | D:1      | Reached XP level 1. HP: 13/13 MP: 3/3
   123 | D:1      | Gained mutation: You have large cloven feet. [demonic
                  | ancestry]
   123 | D:1      | Reached XP level 2. HP: 10/19 MP: 0/5
   318 | D:1      | Reached skill level 5 in Necromancy
   837 | D:1      | Reached XP level 3. HP: 7/24 MP: 0/6
  1691 | D:2      | HP: 1/24 [adder (2)]
  1692 | D:2      | Succumbed to an adder's poison

Levels and vault maps discovered:
D:1:      saegor_arrival_simple_a, layout_rooms
D:2:      layout_basic

Skill      XL: |  1  2 |
---------------+-------+-----
Necromancy     | 5 |  5.4
Stealth        | 2 |  2.1
Dodging        | 2 |  2.1
Spellcasting   | |  2.3

Action                   || total
-------------------------++-------
Melee: Unarmed           ||    20
       Kick              ||     3
 Cast: Pain              ||    62
  Use: Scroll            ||     2
  Eat: Chunk             ||     2
Armor: Robe              ||     7
Dodge: Dodged            ||    38

Table legend:
 A = Non-vault XP
 B = Vault XP
 C = Vault XP percentage of total XP
 D = Non-vault monster count
 E = Vault monster count
 F = Vault count percentage of total count
                 A         B        C        D         E       F
            +---------+---------+-------+---------+---------+-------
      Total |      80 |       0 |   0.0 |      39 |       0 |   0.0
            +---------+---------+-------+---------+---------+-------
        D:1 |      46 |       0 |   0.0 |      28 |       0 |   0.0
        D:2 |      34 |       0 |   0.0 |      11 |       0 |   0.0
            +---------+---------+-------+---------+---------+-------
